 Dungeon Sprint DCSS version 0.17-a0-1636-g3119f2b (webtiles) character file.

698 Kidiri the Covert (level 7, -7/29 (32) HPs)
             Began as a Spriggan Enchanter on Aug 5, 2015.
             Mangled by a boulder beetle (36 damage)
             ... in the Dungeon (Sprint II: "The Violet Keep of Menkaure").
             The game lasted 00:02:36 (576 turns).

Kidiri the Covert (Spriggan Enchanter)               Turns: 576, Time: 00:02:36

HP:   -7/29 (32)    AC:  3    Str:  4    XL:     7   Next: 38%
MP:   21/21         EV: 28    Int: 17    God:
Gold: 729           SH:  0    Dex: 18    Spells: 5 memorised, 13 levels left

rFire  . . .     SeeInvis +     a - +1 dagger
rCold  . . .     Clarity  .     b - +1 robe
rNeg   . . .     SustAt   .     (shield restricted)
rPois  .         Gourm    .     (helmet restricted)
rElec  .         Spirit   .     (no cloak)
rCorr  .         Warding  .     (gloves unavailable)
rMut   .         NoTele   +     (boots unavailable)
MR     +....                    (no amulet)
Stlth  ++++++....               (no ring)
                                (no ring)

@: very quick, somewhat resistant to hostile enchantments, very stealthy
A: unfitting armour, see invisible, herbivore 3, speed 3, slow metabolism 2
a: no special abilities


You were in the Dungeon.
You were not hungry.

You visited 1 branch You collected 729 gold pieces.

Inventory:

Hand weapons
 a - a +1 dagger (weapon)
Armour
 b - a +1 robe (worn)
Scrolls
 j - a scroll of blinking
Potions
 g - a potion of haste
 h - 2 potions of magic
Books
 c - a book of Maledictions

   Spells                             Type                      Level
   a - Corona                         Hexes                        1
   b - Ensorcelled Hibernation        Hexes/Ice                    2
   c - Confuse                        Hexes                        3
   d - Tukima's Dance                 Hexes                        3
   e - Dazzling Spray                 Conjuration/Hexes            3
Comestibles
 d - a bread ration


   Skills:
 + Level 6.0 Short Blades
 * Level 11.4 Dodging
 * Level 12.5 Stealth
 * Level 9.7 Spellcasting
 + Level 1.9 Conjurations
 + Level 7.6 Hexes
 + Level 2.0 Ice Magic


You had 13 spell levels left.
You knew the following spells:

 Your Spells              Type           Power        Failure   Level  Hunger
a - Corona                Hex            ####...      1%          1    None
b - Ensorcelled Hibernat  Hex/Ice        ###...       1%          2    None
c - Confuse               Hex            ####....     1%          3    None
d - Tukima's Dance        Hex            ####....     1%          3    None
e - Dazzling Spray        Conj/Hex       ###.....     4%          3    None


Dungeon Overview and Level Annotations

Branches:
Dungeon (1/1)

Altars:


Innate Abilities, Weirdness & Mutations

You are tiny and cannot use many weapons and most armour.
You have supernaturally acute eyesight.
You are a herbivore.
You cover ground extremely quickly.
You need consume almost no food.


Message History

You butcher the worker ant corpse.
You see here 2 chunks of flesh.
You see here 2 chunks of flesh.
There is an open door here.
You see here a chunk of flesh.
There is a staircase leading out of the dungeon here.
You start resting.
Your magical contamination has completely faded away.
You start resting.
Magic restored.
You start resting.
HP restored.
You open the door.
There is an open door here.
The helpless boulder beetle fails to defend itself.
You stick the boulder beetle like a pincushion!!!!
The boulder beetle is almost dead.
The boulder beetle bites you!!!
Ouch! That really hurt!
You die...

##+## ##$#.##
#.B#B.#
####@#.#### ##
##.###'# #.##..#
#...##.###..#..#
+##.'.<.%%##+..#
#...##.###..#
##.###'# #%##
####.######
#%##..# ##%%.##


You could see a boulder beetle.

Vanquished Creatures
  4 necrophages (D)
  4 brain worms (D)
  4 worker ants (D)
12 creatures vanquished.

Vanquished Creatures (others)
  Menkaure (D)
1 creature vanquished.

Grand Total: 13 creatures vanquished

Notes
Turn   | Place    | Note
--------------------------------------------------------------
     0 | D        | Kidiri the Spriggan Enchanter began the quest for the Orb.
     0 | D        | Reached XP level 1. HP: 9/9 MP: 5/5
     1 | D        | Noticed a brain worm
     4 | D        | Noticed a necrophage
     4 | D        | Noticed a necrophage
     4 | D        | Noticed a necrophage
     4 | D        | Noticed a necrophage
    13 | D        | Killed a necrophage
    13 | D        | Reached skill level 6 in Dodging
    13 | D        | Reached skill level 7 in Stealth
    13 | D        | Reached skill level 5 in Spellcasting
    13 | D        | Reached XP level 2. HP: 8/13 MP: 4/9
    13 | D        | Reached XP level 3. HP: 10/16 MP: 4/11
    13 | D        | Reached XP level 4. HP: 12/21 MP: 4/12
    24 | D        | Killed a necrophage
    24 | D        | Reached skill level 8 in Dodging
    24 | D        | Reached skill level 9 in Stealth
    24 | D        | Reached skill level 5 in Hexes
    24 | D        | Reached XP level 5. HP: 6/24 MP: 5/15
    32 | D        | Killed a necrophage
    32 | D        | Reached skill level 10 in Stealth
    73 | D        | Killed a necrophage
    73 | D        | Reached skill level 5 in Short Blades
    73 | D        | Reached skill level 10 in Dodging
    73 | D        | Reached skill level 11 in Stealth
    73 | D        | Reached XP level 6. HP: 10/25 MP: 12/18
    86 | D        | Learned a level 2 spell: Ensorcelled Hibernation
    90 | D        | Learned a level 3 spell: Confuse
    94 | D        | Learned a level 3 spell: Tukima's Dance
    98 | D        | Learned a level 3 spell: Dazzling Spray
    99 | D        | Killed Menkaure
   394 | D        | Noticed a boulder beetle
   394 | D        | Noticed a boulder beetle
   398 | D        | Noticed a worker ant
   398 | D        | Noticed a worker ant
   405 | D        | Killed a brain worm
   406 | D        | Noticed a brain worm
   408 | D        | Killed a brain worm
   408 | D        | Reached skill level 1 in Conjurations
   408 | D        | Reached skill level 1 in Ice Magic
   409 | D        | Noticed a brain worm
   409 | D        | Noticed a brain worm
   412 | D        | Killed a brain worm
   412 | D        | Reached skill level 12 in Stealth
   412 | D        | Reached XP level 7. HP: 29/29 MP: 16/20
   414 | D        | Killed a brain worm
   452 | D        | Noticed a worker ant
   452 | D        | Noticed a worker ant
   458 | D        | Killed a worker ant
   461 | D        | Killed a worker ant
   464 | D        | Killed a worker ant
   468 | D        | Killed a worker ant
   576 | D        | Mangled by a boulder beetle

Vault maps used:
D:        the_violet_keep_of_menkaure

Action                   |  1- 3 |  4- 6 |  7- 9 || total
-------------------------+-------+-------+-------++-------
Melee: Dagger            |     6 |    60 |     7 ||    73
 Cast: Corona            |     1 |     1 |       ||     2
       Ensorcelled Hiber |       |     1 |     5 ||     6
  Use: Potion            |     1 |     2 |       ||     3
 Stab: Sleeping          |       |     3 |     6 ||     9
